Cogmind - Beta 14 @@@ ROGUE MODE // 2024.08.30 @ 02:46:14 Player: MOPO3 Result: Destroyed by PO-5DA(R) with Subdweller Machine Gun Performance ------------- Evolutions (0) 0 Regions Visited (3) 600 Robots Destroyed (35) 175 Value Destroyed (561) 561 Prototype IDs (3) 60 Alien Tech Used (0) 0 Bonus (0) 0 TOTAL SCORE: 1396 Bonus ------- None Cogmind --------- Core Integrity 0/250 Matter 257/300 Energy 125/125 System Corruption 0% Temperature Cool (0) Movement Treading (160) Location -10/Subcaves Parts ------- > --- POWER (1) -------- Light Ion Engine > --- PROPULSION (2) --- Light Treads Light Treads > --- UTILITY (2) ------ Large Storage Unit Signal Interpreter > --- WEAPON (2) ------- Light Assault Rifle > --- INVENTORY (15) --- Light Ion Engine Light Ion Engine Light Treads Light Treads Light Treads Light Treads High-capacity Matter Pod (200) Structural Scanner Sensor Array Sensor Array ECM Suite Hacking Suite Grenade Launcher Grenade Launcher Mining Claw Peak State ------------ > --- POWER ------------ Light Ion Engine > --- PROPULSION ------- Light Treads Light Treads > --- UTILITY ---------- Large Storage Unit Structural Scanner > --- WEAPON ----------- Light Assault Rifle Rocket Launcher > --- INVENTORY -------- Light Ion Engine Light Ion Engine Light Treads Light Treads Light Treads Light Treads High-capacity Matter Pod Sensor Array Sensor Array Experimental Sensor Array ECM Suite Hacking Suite Grenade Launcher Grenade Launcher Mining Claw [Rating: 10] Favorites ----------- Power Light Ion Engine Engine Light Ion Engine Propulsion Light Treads Treads Light Treads Utility Large Storage Unit Device Structural Scanner Storage Large Storage Unit Processor Signal Interpreter Weapon Light Assault Rifle Ballistic Gun Light Assault Rifle Launcher Rocket Launcher Slashing Weapon Mining Claw Build | -11 -10 -10 -10 ------- Run | Yrd Mat Min Sub Slots Evolved . | . . . . Power . | . . . . Propulsion . | . . . . Utility . | . . . . Weapon . | . . . . Parts Attached 22 | 7 10 5 . Power 3 | 1 1 1 . Engine 3 | 1 1 1 . Core . | . . . . Reactor . | . . . . Propulsion 4 | 2 2 . . Treads 4 | 2 2 . . Leg . | . . . . Wheel . | . . . . Hover . | . . . . Flight . | . . . . Utility 5 | 2 2 1 . Device 2 | 1 1 . . Storage 2 | 1 1 . . Processor 1 | . . 1 . Hackware . | . . . . Protection . | . . . . Artifact . | . . . . Weapon 10 | 2 5 3 . Energy Gun . | . . . . Energy Cannon . | . . . . Ballistic Gun 6 | 2 2 2 . Ballistic Cannon . | . . . . Launcher 2 | . 1 1 . Special Weapon . | . . . . Impact Weapon . | . . . . Slashing Weapon 2 | . 2 . . Piercing Weapon . | . . . . Special Melee Weapon . | . . . . Unidentified Prototypes 1 | . . 1 . Parts Lost 4 | . 2 1 1 Power 1 | . 1 . . Propulsion . | . . . . Utility 1 | . . 1 . Weapon 2 | . 1 . 1 Highest Loss Streak 1 | . 1 1 1 To Critical Strikes 1 | . . . 1 Average Slot Usage (%) 98 | . 97 99 100 Engine 13 | . 13 14 14 Treads 28 | . 28 28 28 Device 10 | . 14 8 . Storage 14 | . 14 14 14 Processor 3 | . . 5 14 Ballistic Gun 10 | . 6 13 14 Launcher 6 | . . 13 14 Slashing Weapon 9 | . 19 1 . Peak Build Rating 10 | 7 8 10 9 Average Rating 8 | 5 7 8 8 On Entrance 6 | . 7 8 9 Naked Turns . | . . . . Heaviest Build 29 | 11 28 29 28 Greatest Support 40 | 40 40 40 40 Greatest Overweight (x) . | . . . . Average Overweight (x) . | . . . . Largest Inventory Capacity 15 | 8 15 15 15 Average Capacity 14 | 7 13 15 15 Most Carried 15 | 6 15 15 15 Average Carried 13 | 2 12 14 15 Final Capacity 15 | 8 15 15 15 Final Carried 15 | 6 15 15 15 Class Distribution -------------------- 100% | Mutant Dominant Class ---------------- Mutant | -10/Materials Mutant | -10/Mines Mutant | -10/Subcaves Resources | -11 -10 -10 -10 ----------- Run | Yrd Mat Min Sub Matter Collected 871 | 300 437 134 . Remotely . | . . . . Salvage Created 902 | 132 641 95 34 Parts 76 | 6 53 15 2 Haulers Intercepted 1 | . 1 . . Recyclers Shooed 1 | . . 1 . Parts Field Recycled . | . . . . Retrieved Matter . | . . . . Parts Self-Destructed . | . . . . Prevented . | . . . . Kills | -11 -10 -10 -10 ------- Run | Yrd Mat Min Sub Combat Hostiles Destroyed 18 | . 14 3 1 Melee 8 | . 5 3 . Guns 9 | . 8 . 1 AOE 1 | . 1 . . Classes Destroyed 10 | 3 6 . 1 Worker 2 | 2 . . . Builder 5 | . 2 3 . Tunneler 3 | 1 1 1 . Hauler 1 | . 1 . . Recycler 2 | 1 1 . . Operator 2 | . 2 . . Watcher 2 | . 2 . . Swarmer 9 | . 6 3 . Grunt 8 | . 8 . . Subdweller 1 | . . . 1 Best Kill Streak 5 | 2 5 3 1 Combat Bots Only 5 | . 5 3 1 Max Kills in Single Turn 2 | 1 2 1 1 Gunslinging . | . . . . Exploded 1 | . 1 . . Melee 1 | . 1 1 . Uniques/NPCs Destroyed . | . . . . Combat | -11 -10 -10 -10 -------- Run | Yrd Mat Min Sub Hostile Shots Fired 109 | . 76 24 9 Missed 27 | . 23 3 1 Damage Taken 1097 | . 701 200 196 Core 269 | . 200 47 22 Absorbed by Shields . | . . . . Regen/Repaired (Parts) 191 | . 191 . . Core Remaining (%) 100 | 100 . . . Volleys Fired 93 | 15 39 35 4 Largest 2 | 2 2 2 2 Hottest 53 | 40 50 53 53 Shots Fired 140 | 30 66 36 8 Gun 133 | 30 64 35 4 Cannon . | . . . . Launcher 7 | . 2 1 4 Special . | . . . . Kinetic 133 | 30 64 35 4 Thermal . | . . . . Explosive 7 | . 2 1 4 Electromagnetic . | . . . . Robot Hit Streak 6 | 4 6 4 4 Robot Miss Streak 3 | 2 2 3 1 Penetration Max . | . . . . Secondary Targets . | . . . . Shots Hit Robots 116 | 19 63 28 6 Core Hits 55 | 9 34 9 3 Critical Kills 2 | 1 . . 1 Critical Parts Destroyed . | . . . . Critical Strikes 2 | 1 . . 1 Destroy 2 | 1 . . 1 Melee Attacks 46 | . 34 12 . Impact . | . . . . Slashing 46 | . 34 12 . Piercing . | . . . . Sneak Attacks 12 | . 12 . . Combat Hostiles . | . . . . Follow-up Attacks 5 | . 4 1 . Damage Inflicted 1997 | 161 1207 412 217 Guns 653 | 161 309 155 28 Cannons . | . . . . Explosions 292 | . 63 40 189 Melee 999 | . 835 164 . Ramming 53 | . . 53 . Kinetic 653 | 161 309 155 28 Thermal . | . . . . Explosive 292 | . 63 40 189 Electromagnetic . | . . . . Impact . | . . . . Slashing 999 | . 835 164 . Piercing . | . . . . Highest Corruption . | . . . . Average Corruption . | . . . . Corruption Purged . | . . . . Corruption Blocked . | . . . . Overload Shots . | . . . . Overflow Damage 164 | . 157 7 . Projectiles . | . . . . Explosions 1 | . 1 . . Melee 163 | . 156 7 . Knockbacks 2 | . . 2 . Impact 2 | . . 2 . Kinetic . | . . . . Secondary . | . . . . Self-Inflicted Damage 139 | . 98 21 20 Shots 4 | . 2 1 1 Rammed 11 | . . 11 . Targets Rammed 12 | . . 12 . Kicked . | . . . . Crushed 1 | . . 1 . Highest Temperature 43 | . 43 12 . Average Temperature 20 | . 21 9 . Received Heat Transfer 273 | . 264 . 9 Siege Activations . | . . . . Robots Corrupted . | . . . . Combat Hostiles . | . . . . Parts Fried . | . . . . Impact Corruptions . | . . . . Robots Melted . | . . . . Combat Hostiles . | . . . . Parts Melted . | . . . . Heat Transferred . | . . . . Parts Sabotaged . | . . . . Parts Stolen . | . . . . Parts Stripped . | . . . . Power Chain Reactions . | . . . . Alert | -11 -10 -10 -10 ------- Run | Yrd Mat Min Sub Peak Influence 254 | 20 254 84 . Initial 13 | . 13 . . Average 45 | 8 78 16 . Maximum Alert Level 1 | . 1 . . Low Security (%) 96 | 100 91 100 . Level 1 3 | . 8 . . Level 2 . | . . . . Level 3 . | . . . . Level 4 . | . . . . Level 5 . | . . . . High Security . | . . . . Max Security . | . . . . Squads Dispatched 4 | . 4 . . Investigation 2 | . 2 . . Extermination . | . . . . Reinforcement 2 | . 2 . . Assault . | . . . . Garrison . | . . . . Intercept . | . . . . Searches Triggered . | . . . . Construction Impeded . | . . . . Haulers Reinforced . | . . . . Active Scanning Responses . | . . . . Cargo Convoy Interrupts . | . . . . Stealth | -11 -10 -10 -10 --------- Run | Yrd Mat Min Sub Distress Signals 1 | . 1 . . Communications Jammed . | . . . . Distress Signals . | . . . . Times Spotted 31 | . 25 3 3 Peak Tracking Total 3 | . 3 3 2 Tactical Retreats 3 | . 3 . . Traps | -11 -10 -10 -10 ------- Run | Yrd Mat Min Sub Traps Triggered 2 | . 2 . . Indirectly . | . . . . Trap Hack Attempts . | . . . . Triggered . | . . . . Disarmed . | . . . . Reprogrammed . | . . . . Reused . | . . . . Traps Extracted . | . . . . Installed . | . . . . Triggered . | . . . . Machines | -11 -10 -10 -10 ---------- Run | Yrd Mat Min Sub Machines Disabled 2 | . 2 . . Max in Single Turn 2 | . 2 . . Machines Repaired . | . . . . Machines Dismantled . | . . . . Machines Sabotaged . | . . . . Overloaded Fab Kills . | . . . . Hacking | -11 -10 -10 -10 --------- Run | Yrd Mat Min Sub Machines Accessed 8 | . 7 1 . Terminals 6 | . 5 1 . Fabricators . | . . . . Repair Stations 1 | . 1 . . Recycling Units 1 | . 1 . . Scanalyzers . | . . . . Garrison Access . | . . . . Total Hacks 25 | . 23 2 . Successful 15 | . 14 1 . Failed 10 | . 9 1 . Catastrophic 4 | . 3 1 . Database Lockouts . | . . . . Manual 13 | . 12 1 . Terminals 18 | . 16 2 . Fabricators . | . . . . Repair Stations 6 | . 6 . . Recycling Units 1 | . 1 . . Scanalyzers . | . . . . Garrison Access . | . . . . Terminal Hacks 10 | . 9 1 . Record 3 | . 2 1 . Part Schematic 1 | . 1 . . Prototype ID Bank 1 | . 1 . . Branch Access Points 1 | . 1 . . Unreport Threat 2 | . 2 . . Zone Layout 2 | . 2 . . Fabricator Hacks . | . . . . Repair Station Hacks 4 | . 4 . . Scan Component 2 | . 2 . . Repair 2 | . 2 . . Recycling Unit Hacks 1 | . 1 . . Retrieve Matter 1 | . 1 . . Scanalyzer . | . . . . Garrison Access Hacks . | . . . . Unauthorized Hacks . | . . . . Terminals . | . . . . Fabricators . | . . . . Repair Stations . | . . . . Recycling Units . | . . . . Scanalyzers . | . . . . Garrison Access . | . . . . Data Cores Recovered . | . . . . Used . | . . . . Hacking Detections 7 | . 6 1 . Full Trace Events 2 | . 2 . . Feedback Events . | . . . . Feedback Blocked . | . . . . Robot Schematics Acquired . | . . . . Robots Built . | . . . . Authchips . | . . . . Time . | . . . . Total Robot Build Rating . | . . . . Part Schematics Acquired 1 | . 1 . . Parts Built . | . . . . Authchips . | . . . . Time . | . . . . Total Part Build Rating . | . . . . Parts Repaired 2 | . 2 . . Time 52 | . 52 . . Parts Recycled . | . . . . Recycled Matter . | . . . . Retrieved Matter 398 | . 398 . . Retrieved Components . | . . . . Parts Scanalyzed . | . . . . Part Schematics Acquired . | . . . . Parts Damaged . | . . . . Bothacking | -11 -10 -10 -10 ------------ Run | Yrd Mat Min Sub Used RIF Installer . | . . . . Robots Hacked . | . . . . Non-combat . | . . . . Combat . | . . . . Robot Hacks Applied . | . . . . Relay Couplers Released . | . . . . Fabnet Peak Effective % . | . . . . Robots Rewired . | . . . . Allies Hacked . | . . . . Hacks Repelled . | . . . . Allies | -11 -10 -10 -10 -------- Run | Yrd Mat Min Sub Total Allies . | . . . . Largest Group . | . . . . Highest-Rated Group . | . . . . Highest-Rated Ally . | . . . . Total Orders . | . . . . Ally Attacks . | . . . . Total Damage . | . . . . Kills . | . . . . Allies Corrupted . | . . . . Allies Melted . | . . . . Intel | -11 -10 -10 -10 ------- Run | Yrd Mat Min Sub Robot Analysis Total . | . . . . Derelict Logs Recovered 2 | . . 1 1 Drone Launches . | . . . . Drone Recoveries . | . . . . Exploration | -11 -10 -10 -10 ------------- Run | Yrd Mat Min Sub Turns Passed 3595 | 180 1662 1656 97 Spaces Moved 1920 | 81 832 953 54 Core 4 | 4 . . . Treads 1916 | 77 832 953 54 Legs . | . . . . Wheels . | . . . . Hover . | . . . . Flight . | . . . . Fastest Speed 50 | 50 160 160 160 Average Speed 159 | 154 160 160 160 Slowest Speed 160 | 160 160 160 160 Overloaded Moves . | . . . . Propulsion Burnouts . | . . . . Robots Hopped . | . . . . Cave-ins Triggered . | . . . . Exploration Rate (%) 50 | 6 94 95 7 Regions Visited 3 Branch Regions 2 Pre-discovered Areas 1 | . . 1 . Known Exits Taken 2 | . 1 1 . Unknown Exits Taken 1 | 1 . . . Scrap Searched 1 | . . 1 . Spaces Dug 1 | . 1 . . Terrain Destroyed 92 | . 49 14 29 Melee 1 | . 1 . . Projectile . | . . . . AOE 91 | . 48 14 29 Terrain Rammed . | . . . . Walls Destroyed . | . . . . Machines Disabled . | . . . . Actions | -11 -10 -10 -10 --------- Run | Yrd Mat Min Sub Total 2248 | 109 1054 1027 58 Wait 115 | . 114 1 . Move 1917 | 80 831 952 54 Hop . | . . . . Pick Up 29 | 7 19 3 . Fast Attach 14 | 6 4 4 . Attach 2 | 1 1 . . Detach . | . . . . Swap 7 | . 5 2 . Drop 20 | . 13 7 . Fire 93 | 15 39 35 4 Melee 39 | . 28 11 . Ram . | . . . . Kick . | . . . . Crush 12 | . . 12 . Escape Stasis . | . . . . Rewire . | . . . . Trap . | . . . . Miscellaneous . | . . . . Route ------- -11/Scrapyard -10/Materials (discovered 4 exits: *Mat x3 / *Min) -10/Mines (discovered 2 exits: *Mat / *Sub) -10/Subcaves History --------- Turn | Location | Event 30 | -11/Scrapyard | Discovered new exit (range 15) 181 | -11/Scrapyard | Entered Materials 216 | -10/Materials | Identified exit to Mines 341 | -10/Materials | Build established: Mutant 546 | -10/Materials | Discovered new exit (range 3) 641 | -10/Materials | Core integrity fell below 50% 1272 | -10/Materials | Discovered new exit (range 16) 1314 | -10/Materials | Repaired Lgt. Treads 1341 | -10/Materials | Repaired Lgt. Treads? 1498 | -10/Materials | Discovered new exit (range 7) 1843 | -10/Materials | Entered Mines 1874 | -10/Mines | Core integrity fell below 20% 1942 | -10/Mines | Received a Rocket Launcher from a helpful Derelict 2498 | -10/Mines | Discovered new exit (range 10) 2777 | -10/Mines | Discovered new exit (range 10) 2833 | -10/Mines | Found a damaged Exp. Sensor Array with a note attached 2837 | -10/Mines | Found Prototype Device 2838 | -10/Mines | Identified Exp. Sensor Array 3328 | -10/Mines | Identified exit to Materials 3496 | -10/Mines | Identified exit to Subcaves 3499 | -10/Mines | Entered Subcaves 3596 | -10/Subcaves | Destroyed by PO-5DA(R) with Subdweller Machine Gun Last Messages --------------- Acquired 5 matter. K-01 Serf collects debris. U-05 Engineer destroyed. Acquired 15 matter. EXIT=IDENTIFIED: MATERIALS Slammed into T-07 Excavator. Acquired 5 matter. Acquired 1 matter. Slammed into R-06 Scavenger. EXIT=IDENTIFIED: SUBCAVES LOCATION=SUBCAVES AMBIENT_HEAT=-10 GOAL=ESCAPE Acquired derelict log, extracted data. Data stored: Storage entrances (x1). M8-4DQ(R) suffers critical hit (Destroy). M8-4DQ(R) destroyed. Subatomizers dissect the Disposable Heat Sink. Critical hit (Destroy). Rocket Launcher destroyed. Map ----- +----------------------------------------------------+ | ?????????????????????????????????????????????????? | | ?????????????????????????????????????????????????? | | ?????????????????????????????????????????????????? | | ?????????????????????????????????????????????????? | | ?????????????????????????????????????????????????? | | ?????????????????????????????????????????????????? | | ?????????????????????????????????????????????????? | | ?????????????????????????????????????????????????? | | ?????????????????????????????????????????????????? | | ?????????????????????????????????????????????????? | | ?????????????????????????????????????????????????? | | ?????????????????????????????????????????????????? | | ?????????????????????????????????????????????????? | | ?????????????????????????????????????????????????? | | ?????????????????????????????????????????????????? | | ?????????????????????????????????????????????????? | | ?????????????????????????????????????????????????? | | ?????????????????????????????????????????????????? | | ?????????????????????????????????????????????????? | | ?????????????????????????????????????????????????? | | ??????????????????????#####??????????????????????? | | ?????????????????????## ??????????????????????? | | ?????????????????????# #??????????????????????? | | ???????????????####??# ##?????????????????????? | | ?????????#####?# ##?# #?????????????????????? | | ?????????# #?# #???# @ #?????????????????????? | | ?????????# ### #?## ##?????????????????????? | | ?????????# ## ### # #?????????????????????? | | ####??#### #?????????????????????? | | #### # R ?????????????????????? | | # # R #?????????????????? | | ############ ? #????????????????? | | ## # ## ##???????????# ??????????????????? | | ######### #????????????? ????????????????? | | ##???????# #????????????? ##???????????????? | | ?????????## #????????????? ##????????????????? | | ??????????## ???????????? #?????????????????? | | ???????????## ???????????###?????????????????? | | ????????????### ??????????????????????????????? | | ???????????????# #????????????????????????????? | | ????????????????# ???????????????????????????? | | ????????????????? # ???????????????????????????? | | ?????????????????? #????????????????????????????? | | ??????????????????? ?????????????????????????????? | | ?????????????????????????????????????????????????? | | ?????????????????????????????????????????????????? | | ?????????????????????????????????????????????????? | | ?????????????????????????????????????????????????? | | ?????????????????????????????????????????????????? | | ?????????????????????????????????????????????????? | +----------------------------------------------------+ Best States ------------- Heat Dissipation 25 Energy Generation 10 Energy Capacity 125 Matter Stores 300 Matter Capacity 300 Sight Range 16 Terrain Scan Density 10 Evasion (%) 40 Recoil Reduction 2 Item Schematics ----------------- Lgt. Treads | -10/Materials | Hacked Robot Schematics ------------------ None Fabricated ------------ Nothing Alien Tech Used ----------------- None Achievements -------------- None Challenges ------------ None Game ------ Seed WeaponIonSpear Manual? 0 Play Time 00:23:17 Cumulative 13.9 hours Start 2024.08.30 @ 02:22:31 End 2024.08.30 @ 02:46:14 Sessions 1 Manual Loads 0 Difficulty Rogue Special Mode None Game No. 22 Rogue 22 Adventurer 0 Explorer 0 Win Type - Total 0 Types 0/0/0/0/0/0/0/0/0 Lore% 10 Gallery% 18 Achievement% 17 Wizard Run 0 Options --------- Layout 0 ASCII 0 Keyboard 0 Movement Numpad Keybinds 0 Fullscreen 1 Font 18/Cog Map View 76x50 Zoom Use 0% Tactical HUD 0 Map Filters NONE Filters NONE Steam 1 RUN: 5ee14727-637c-4261-b04b-c7c226cd670c